 Dungeon Crawl Stone Soup version 0.21.0-25-ge575cb9 (webtiles) character file.

151182 ChromeMolly the Unseen (level 17, -30/98 HPs)
             Began as an Octopode Fighter on Jan 25, 2018.
             Was an Initiate of Gozag.
             Killed from afar by Nikola (33 damage)
             ... with a chain lightning
             ... on level 3 of the Shoals on Jan 26, 2018.
             The game lasted 04:44:32 (30098 turns).

ChromeMolly the Unseen (Octopode Fighter)          Turns: 30098, Time: 04:44:32

Health: -30/98     AC: 11    Str: 15    XL:     17   Next: 55%
Magic:  37/40      EV: 22    Int: 16    God:    Gozag
Gold:   1061       SH: 11    Dex: 16    Spells: 15/36 levels left

rFire    . . .     SeeInvis +   e - +7 captain's cutlass {speed, disarm}
rCold    . . .     Gourm    .   j - +2 buckler
rNeg     . . .     Faith    .   b - +2 hat {SInv}
rPois    .         Spirit   .   U - +2 amulet of reflection
rElec    .         Reflect  +   k - +6 ring of protection
rCorr    .         Harm     .   t - +4 ring of slaying
MR       ++++.                  C - ring of stealth
Stlth    ++++++++++             P - ring of magical power
HPRegen  1.26/turn              h - ring of protection from magic
MPRegen  0.27/turn              K - ring of the Mage {Wiz MR++ Int+3}
                                S - +3 ring of evasion
                                Y - ring of stealth

@: appendage, regenerating
A: almost no armour, stealthy swim, amphibious, 8 rings, constrict 8, tentacle
spike 3, molten scales 1, camouflage 1, frail 1, mutation resistance 1,
gelatinous body 1
a: End Transformation, Potion Petition, Call Merchant, Bribe Branch, Renounce
Religion


You were on level 3 of the Shoals.
You worshipped Gozag.
Gozag was most pleased with you.
You were full.
One of your tentacles had a temporary spike.
You visited 4 branches of the dungeon, and saw 26 of its levels.
You also visited: Sewer, Ossuary and Ice Cave.

You collected 9079 gold pieces.
You spent 4169 gold pieces at shops.
You paid 3849 gold pieces to Gozag.

Inventory:

Hand Weapons
 e - the +7 captain's cutlass (weapon) {speed, disarm}
   (You bought it in a shop on level 2 of the Shoals)

   Attacks with this weapon are significantly faster.
 q - a +0 blowgun
Missiles
 l - 71 tomahawks
 n - 94 poisoned needles
 r - 133 arrows
 W - 2 javelins (quivered)
 X - 8 needles of confusion
Armour
 b - a +2 hat of see invisible (worn)
 j - a +2 buckler (worn)
 M - the +10 large shield "Jantiogod" {Stlth+}
   (You found it on level 1 of the Lair of Beasts)

   It makes you more stealthy.
Jewellery
 c - an uncursed ring of protection from cold
 h - a ring of protection from magic (on tentacle)
 k - a +6 ring of protection (left tentacle)
 t - a +4 ring of slaying (right tentacle)
 C - a ring of stealth (on tentacle)
 K - the ring of the Mage (on tentacle) {Wiz MR++ Int+3}
   (You bought it in a shop on level 11 of the Dungeon)

   [ring of wizardry]

   It improves your spell success rate.
   It affects your intelligence (+3).
   It affects your resistance to hostile enchantments.
 P - a ring of magical power (on tentacle)
 S - a +3 ring of evasion (on tentacle)
 U - a +2 amulet of reflection (around mantle)
 Y - a ring of stealth (on tentacle)
Wands
 o - a wand of flame (67)
 y - a wand of digging (9)
 z - a wand of scattershot (1)
 E - a wand of iceblast (3)
 L - a wand of clouds (4)
 R - a wand of paralysis (3)
Scrolls
 v - 5 scrolls of fog
 x - 3 scrolls of teleportation
 D - 12 scrolls of remove curse
 F - 12 scrolls of identify
 G - 3 scrolls of fear
 N - a scroll of immolation
 Q - a scroll of holy word
Potions
 a - a potion of resistance
 f - 5 potions of cancellation
 g - a potion of heal wounds
 i - 2 potions of magic
 m - a potion of agility
 p - 4 potions of curing
 s - a potion of ambrosia
 u - 7 potions of flight
 A - a potion of haste
 B - 3 potions of brilliance
 I - 4 potions of lignification
Miscellaneous
 T - a lightning rod (4/4)
Comestibles
 d - 26 rations


   Skills:
 + Level 8.0 Fighting
 * Level 12.6 Short Blades
   Level 2.0 Axes
 + Level 9.4 Throwing
 + Level 8.3 Dodging
 + Level 20.9 Stealth
 * Level 11.8 Shields
 * Level 10.4 Spellcasting
 + Level 0.9 Hexes
 + Level 1.1 Charms
 + Level 1.3 Necromancy
 + Level 2.5 Transmutations
 + Level 1.1 Ice Magic
 + Level 0.9 Earth Magic
 + Level 3.5 Evocations


You had 15 spell levels left.
You knew the following spells:

 Your Spells              Type           Power        Failure   Level  Hunger
a - Passwall              Tmut/Erth      ##........   2%          2    None
b - Beastly Appendage     Tmut           ###...       1%          1    None
c - Sticks to Snakes      Tmut           ###.....     1%          2    None
d - Infusion              Chrm           ##..         2%          1    None
e - Song of Slaying       Chrm           ##......     3%          2    None
f - Spectral Weapon       Hex/Chrm       ##......     7%          3    None
g - Ozocubu's Armour      Chrm/Ice       ##......     6%          3    None
h - Regeneration          Chrm/Necr      ##........   6%          3    None
i - Summon Ice Beast      Ice/Summ       ##......     26%         4    ###....


Dungeon Overview and Level Annotations

Branches:
Dungeon (14/15)            Temple (0/1) D:7            Lair (6/6) D:11
 Shoals (4/4) Lair:2       Spider (0/4) Lair:2        Slime (0/5) Lair:5
    Orc (2/2) D:12            Elf (0/3) Orc:2        Vaults (0/5) D:13

Altars:
Ashenzari
Cheibriados
Dithmenos
Elyvilon
Fedhas
Gozag
Hepliaklqana
Nemelex Xobeh
Okawaru
Qazlal
Ru
Sif Muna
Trog
Vehumet
Wu Jian
Xom
The Shining One
Beogh
Jiyva

Shops:
D:8 **   D:11 =!!?   Orc:2 !(:[%   Shoals:2 (

Annotations:
Lair:6 SomeFlowers's ghost, journeyman OpTm
Shoals:3 Nikola


Innate Abilities, Weirdness & Mutations

You cannot wear most types of armour.
You are very stealthy in the water. (Stealth+)
You are amphibious.
You can wear up to eight rings at the same time.
You can use your tentacles to constrict eight enemies at once.
Your skin changes colour to match your surroundings (Stealth+).
Your rubbery body absorbs attacks. (AC +1, EV +1)
One of your tentacles bears a large vicious spike.
You are partially covered in molten scales. (AC +2)
You are frail. (-10% HP)
You are somewhat resistant to further mutation.


Message History

You puncture Nikola!
You hear a splash. x2
The captain's cutlass flashes!
You lacerate Nikola!!
Nikola's uncursed rapier of electrocution falls to the floor!
You pierce Nikola!
Nikola is heavily wounded.
You constrict Nikola. You hit Nikola.
Nikola is heavily wounded.
You constrict Nikola. You puncture Nikola!
Nikola is severely wounded.
You constrict Nikola.
Nikola casts a spell.
You hear a mighty clap of thunder!
The lightning arc hits the cyclops.
The lightning arc hits you!
* * * LOW HITPOINT WARNING * * *
The lightning arc hits Nikola.
The lightning arc hits you!
You die...
Your body crumbles into a pile of gold.

≈≈≈≈≈≈≈≈≈≈≈≈≈≈≈)≈≈≈≈≈≈≈≈≈≈≈≈≈≈≈≈≈
≈≈≈≈≈≈≈≈≈≈≈≈≈≈≈≈≈≈≈≈≈≈≈≈≈≈≈≈≈≈≈≈≈
≈≈≈≈≈≈≈≈≈≈(≈≈≈≈≈≈≈≈≈≈≈≈≈≈≈≈≈≈≈≈≈≈
≈≈≈≈≈≈≈(≈≈)≈(≈(≈≈≈≈≈≈≈≈≈≈≈≈≈≈≈≈≈≈
≈≈≈≈≈≈≈≈≈...≈≈≈≈.≈≈≈≈≈≈≈≈≈≈≈≈≈≈≈≈
≈≈≈≈≈..≈≈≈..≈≈≈≈.≈≈≈≈≈≈≈≈≈≈≈≈≈≈≈≈
.≈≈≈≈..≈≈≈...≈≈≈≈≈≈≈≈≈≈≈≈≈≈≈≈≈≈≈≈
........>≈.##≈.≈≈C≈≈≈≈≈≈≈≈≈≈≈≈≈≈≈
##..##....##.≈≈≈@@≈≈≈≈≈≈≈≈≈≈≈≈≈≈≈
##.####......≈≈≈≈≈≈≈≈≈≈≈≈≈≈≈≈≈≈≈≈
....# ##......≈≈≈≈≈≈≈≈≈≈≈≈≈≈≈≈≈≈≈
....# ##<.....≈≈≈≈≈≈≈≈≈≈≈≈≈≈≈≈≈.
#...# #......≈≈≈≈≈≈≈≈≈≈≈≈≈≈≈≈..
#...## #.....≈≈≈≈≈≈≈≈≈≈≈≈≈......
.....####.:.....≈≈≈≈≈..≈≈≈.......
....≈....≈≈.###.≈≈≈≈≈..≈≈........
≈≈..≈.......# ##...≈≈..≈≈........


You could see Nikola and a cyclops.

Vanquished Creatures
  Gastronok (Lair:2)
  Donald (Orc:2)
  2 merfolk impalers (Shoals:3)
  Fannar (Orc:1)
  5 hydras
  Harold (Lair:1)
  A merfolk avatar (Shoals:2)
  A centaur warrior (D:14)
  An alligator snapping turtle (Shoals:1)
  3 catoblepae (Lair:6)
  5 two-headed ogres
  A satyr (Shoals:3)
  19 death yaks
  3 tengu warriors (D:14)
  A shock serpent (shapeshifter) (D:13)
  5 sea snakes
  2 unseen horrors
  A necromancer (D:13)
  6 ugly things
  11 orc knights (Orc:2)
  7 harpies (Shoals:1)
  3 oklob plants (D:11)
  5 cyclopes
  3 orc sorcerers (Orc:2)
  10 manticores
  10 fauns
  6 elephants (Lair:2)
  A wolf spider (Lair:2)
  An ice statue (IceCv)
  An eye of devastation (D:14)
  8 merfolk sirens
  Maurice (D:9)
  3 water nymphs
  2 black mambas
  A gargoyle (D:13)
  13 spiny frogs
  8 komodo dragons
  A rime drake (Lair:5)
  A kobold demonologist (D:13)
  7 ice devils (IceCv)
  A queen bee (D:13)
  2 meliai (D:13)
  10 trolls
  12 merfolk
  A polar bear (Lair:4)
  12 slime creatures
  4 wind drakes
  11 blink frogs
  6 hippogriffs
  8 dream sheep
  7 snapping turtles
  A vampire (D:13)
  3 water elementals
  A redback (Orc:1)
  41 yaks
  A hungry ghost (D:8)
  3 basilisks
  2 vampire mosquitoes (D:14)
  6 wargs
  8 water moccasins
  An acid dragon (D:11)
  11 porcupines
  12 ice beasts
  40 orc warriors
  A sky beast (D:7)
  An eye of draining (D:11)
  13 ogres
  A necrophage (D:6)
  3 phantoms
  17 wolves
  8 centaurs
  11 crocodiles
  The ghost of MrWiggles77 the Cudgeler, an amateur GrFi of Wu Jian (D:3)
  17 bullfrogs
  2 water moccasin zombies (Ossuary)
  A wyvern skeleton (D:13)
  2 scorpions
  20 killer bees
  4 howler monkeys
  12 wights
  3 electric eels
  8 crimson imps
  2 lava snakes
  3 bullfrog zombies
  3 draconian simulacra (IceCv)
  2 centaur skeletons
  7 jellies
  2 bullfrog skeletons
  6 hounds
  7 orc priests
  2 iguanas
  21 orc wizards
  8 worker ants
  A spriggan simulacrum (IceCv)
  A big kobold zombie (Ossuary)
  5 centaur simulacra (IceCv)
  A hound zombie (D:6)
  2 hound skeletons
  A mummy (Ossuary)
  2 worker ant zombies
  4 gnolls
  A howler monkey skeleton (D:11)
  A river rat (Sewer)
  10 adders
  An ogre simulacrum (IceCv)
  4 shadow imps
  2 oozes (Sewer)
  4 adder zombies (Ossuary)
  5 worms
  3 dart slugs
  12 leopard geckos
  85 orcs
  9 ball pythons
  5 bats
  7 giant cockroaches
  4 gnoll zombies (Ossuary)
  6 goblins
  2 hobgoblins
  5 jackals
  4 quokkas
  3 frilled lizards
  4 hobgoblin zombies (Ossuary)
  2 jackal skeletons
  14 kobolds
  3 kobold zombies (Ossuary)
  A leopard gecko zombie (D:5)
  5 orc zombies (Ossuary)
  10 rats
  8 plants
792 creatures vanquished.

Vanquished Creatures (collateral kills)
  A meliai (D:13)
  4 killer bees (D:13)
5 creatures vanquished.

Vanquished Creatures (others)
  A stone giant (Shoals:3)
  2 cyclopes (Shoals:3)
  A hippogriff (D:10)
  2 slime creatures (D:12)
  A phantom (D:6)
  A water moccasin zombie (Ossuary)
  A hound (D:12)
  A big kobold zombie (Ossuary)
  A mummy (Ossuary)
  A shadow imp (D:11)
  2 adder zombies (Ossuary)
  A worm (Sewer)
  A leopard gecko (D:3)
  3 orcs
  A jackal (D:5)
  13 fungi
  13 plants
46 creatures vanquished.

Grand Total: 843 creatures vanquished

Notes
Turn   | Place    | Note
-------+----------+-------------------------------------------
     0 | D:1      | ChromeMolly the Octopode Fighter began the quest for the Orb.
     0 | D:1      | Reached XP level 1. HP: 16/16 MP: 1/1
   294 | D:1      | Reached XP level 2. HP: 21/21 MP: 2/2
   656 | D:2      | Reached skill level 1 in Short Blades
   684 | D:2      | Reached skill level 1 in Stealth
   684 | D:2      | Reached XP level 3. HP: 26/26 MP: 3/3
   783 | D:2      | Reached skill level 2 in Stealth
   800 | D:2      | Found a bloodstained altar of Trog.
   950 | D:2      | Reached XP level 4. HP: 31/31 MP: 3/5
  1248 | D:3      | Noticed MrWiggles77's ghost (amateur GrFi)
  1253 | D:3      | Killed MrWiggles77's ghost
  1253 | D:3      | Reached skill level 3 in Stealth
  1253 | D:3      | Reached skill level 1 in Spellcasting
  1253 | D:3      | Reached XP level 5. HP: 14/36 MP: 6/6
  1528 | D:3      | Found a glowing drain.
  1538 | D:3      | Reached skill level 1 in Throwing
  1549 | Sewer    | Entered a sewer
  1615 | Sewer    | Reached skill level 4 in Stealth
  1989 | D:3      | Found a glowing golden altar of the Shining One.
  2073 | D:3      | Reached XP level 6. HP: 42/42 MP: 8/8
  2558 | D:4      | Reached skill level 5 in Stealth
  2722 | D:4      | Found a stormy altar of Qazlal.
  2762 | D:4      | Found an opulent altar of Gozag.
  2769 | D:4      | Became a worshipper of Gozag Ym Sagoz the Greedy
  2837 | D:4      | Noticed a phantom
  2853 | D:4      | Killed a phantom
  2853 | D:4      | Reached skill level 6 in Stealth
  2853 | D:4      | Reached XP level 7. HP: 46/46 MP: 10/10
  3204 | D:5      | Entered Level 5 of the Dungeon
  3430 | D:5      | Found an ornate altar of the Wu Jian Council.
  3515 | D:5      | Found a blossoming altar of Fedhas.
  3608 | D:5      | Reached skill level 7 in Stealth
  3805 | D:5      | Reached XP level 8. HP: 53/53 MP: 10/12
  3842 | D:5      | Found a hazy altar of Hepliaklqana.
  3964 | D:5      | Found a shimmering altar of Xom.
  3966 | D:5      | Found an iron altar of Okawaru.
  3966 | D:5      | Found a shattered altar of Ashenzari.
  3968 | D:5      | Found an iron altar of Okawaru.
  3968 | D:5      | Found a hazy altar of Hepliaklqana.
  3968 | D:5      | Found a snail-covered altar of Cheibriados.
  4512 | D:6      | Reached skill level 8 in Stealth
  4762 | D:6      | Reached skill level 9 in Stealth
  4791 | D:6      | Found a sacrificial altar of Ru.
  4838 | D:6      | Found a radiant altar of Vehumet.
  4853 | D:6      | Reached skill level 5 in Short Blades
  5045 | D:7      | Found a staircase to the Ecumenical Temple.
  5058 | D:7      | Reached skill level 10 in Stealth
  5063 | D:7      | Reached XP level 9. HP: 58/58 MP: 14/14
  5117 | D:7      | Found a sand-covered staircase.
  5124 | Ossuary  | Entered an ossuary
  5566 | D:7      | Found a sparkling altar of Nemelex Xobeh.
  5784 | D:7      | Reached skill level 11 in Stealth
  6234 | D:7      | Found a deep blue altar of Sif Muna.
  6451 | D:8      | Learned a level 2 spell: Passwall
  6641 | D:8      | Found Unwib's General Store.
  6647 | D:8      | Reached skill level 12 in Stealth
  6677 | D:8      | Bought 3 scrolls of identify for 66 gold pieces
  6677 | D:8      | Bought a scroll of enchant weapon for 82 gold pieces
  6690 | D:8      | Found Yrasad's General Store.
  6712 | D:8      | Bought a scroll of identify for 28 gold pieces
  6712 | D:8      | Bought a scroll of immolation for 49 gold pieces
  6712 | D:8      | Bought a scroll of brand weapon for 280 gold pieces
  6818 | D:8      | Got a slimy rapier
  6819 | D:8      | Identified the +6 rapier "Xuyxkej" {holy, rF+ MR+ Int-4 Dex+2} (You found it on level 8 of the Dungeon)
  7152 | D:9      | Found a white marble altar of Elyvilon.
  7417 | D:9      | Reached XP level 10. HP: 26/63 MP: 16/16
  7777 | D:9      | Noticed Maurice
  7784 | D:9      | Killed Maurice
  7784 | D:9      | Reached skill level 13 in Stealth
  8123 | D:10     | Entered Level 10 of the Dungeon
  8164 | D:10     | Noticed a two-headed ogre
  8172 | D:10     | Killed a two-headed ogre
  8376 | D:10     | Reached skill level 1 in Evocations
  8391 | D:10     | Reached skill level 14 in Stealth
  8519 | D:10     | Reached skill level 5 in Spellcasting
  8803 | D:10     | Noticed a two-headed ogre
  8826 | D:10     | Killed a two-headed ogre
  8826 | D:10     | Reached XP level 11. HP: 28/69 MP: 18/18
  9061 | D:10     | Learned a level 1 spell: Beastly Appendage
  9064 | D:10     | Learned a level 2 spell: Sticks to Snakes
  9328 | D:10     | Noticed a two-headed ogre
  9331 | D:10     | Killed a two-headed ogre
  9849 | D:11     | Reached skill level 15 in Stealth
 10140 | D:11     | Learned a level 1 spell: Infusion
 10143 | D:11     | Learned a level 2 spell: Song of Slaying
 10147 | D:11     | Learned a level 3 spell: Spectral Weapon
 10262 | D:11     | Noticed an oklob plant
 10267 | D:11     | Found a staircase to the Lair.
 10267 | D:11     | Noticed an oklob plant
 10267 | D:11     | Noticed an oklob plant
 10607 | D:11     | Killed an oklob plant
 10607 | D:11     | Reached skill level 5 in Shields
 10699 | D:11     | Killed an oklob plant
 10707 | D:11     | Killed an oklob plant
 10707 | D:11     | Reached skill level 5 in Throwing
 10772 | D:12     | Found a staircase to the Orcish Mines.
 10860 | D:12     | Noticed a brown ugly thing
 10867 | D:12     | Killed a brown ugly thing
 10886 | D:12     | Reached skill level 16 in Stealth
 11120 | D:12     | Killed an unseen horror
 11228 | D:12     | Reached XP level 12. HP: 56/75 MP: 21/21
 11286 | D:12     | Reached skill level 5 in Dodging
 11585 | D:11     | Bought the ring of the Mage {Wiz MR++ Int+3} for 620 gold pieces
 11585 | D:11     | Found the ring of the Mage {Wiz MR++ Int+3}
 11589 | Lair:1   | Entered Level 1 of the Lair of Beasts
 11590 | Lair:1   | Noticed Harold
 11603 | Lair:1   | Killed Harold
 11733 | Lair:1   | Reached skill level 17 in Stealth
 12044 | Lair:1   | Got a translucent large shield
 12055 | Lair:1   | Identified the +10 large shield "Jantiogod" {Stlth+} (You found it on level 1 of the Lair of Beasts)
 12434 | Lair:1   | Reached skill level 5 in Fighting
 12896 | Lair:2   | Noticed Gastronok
 12900 | Lair:2   | Killed Gastronok
 13319 | Lair:2   | Found a hole to the Spider Nest.
 13327 | Lair:2   | Reached skill level 10 in Short Blades
 13327 | Lair:2   | Reached XP level 13. HP: 75/81 MP: 23/23
 13666 | Lair:2   | Found a staircase to the Shoals.
 13833 | Lair:2   | Reached skill level 18 in Stealth
 14310 | Lair:3   | Found a frozen archway.
 14384 | IceCv    | Entered an ice cave
 15004 | Lair:3   | Gained mutation: You are frail. (-10% HP) [potion of mutation]
 15004 | Lair:3   | Gained mutation: You are partially covered in rugged brown scales. (AC +1, +3% HP) [potion of mutation]
 15005 | Lair:3   | Lost mutation: You are frail. (-10% HP) [potion of mutation]
 15005 | Lair:3   | Lost mutation: You are partially covered in rugged brown scales. (AC +1, +3% HP) [potion of mutation]
 15005 | Lair:3   | Gained mutation: You are partially covered in molten scales. (AC +2) [potion of mutation]
 15005 | Lair:3   | Gained mutation: You are frail. (-10% HP) [potion of mutation]
 15005 | Lair:3   | Gained mutation: You are somewhat resistant to further mutation. [potion of mutation]
 15681 | Lair:4   | Reached skill level 19 in Stealth
 15844 | Lair:4   | Learned a level 3 spell: Ozocubu's Armour
 17084 | Lair:5   | Found a viscous altar of Jiyva.
 17084 | Lair:5   | Found a staircase to the Slime Pits.
 17557 | Orc:1    | Entered Level 1 of the Orcish Mines
 17594 | Orc:1    | Noticed Fannar
 17611 | Orc:1    | Killed Fannar
 17612 | Orc:1    | Reached XP level 14. HP: 65/81 MP: 26/26
 17862 | Orc:2    | Entered Level 2 of the Orcish Mines
 18317 | Orc:2    | Found Atumn's Distillery.
 18317 | Orc:2    | Found Benlay's Antique Weapon Boutique.
 18331 | Orc:2    | Found a roughly hewn altar of Beogh.
 18418 | Orc:2    | Bought a potion of heal wounds for 70 gold pieces
 18418 | Orc:2    | Bought a potion of berserk rage for 70 gold pieces
 18418 | Orc:2    | Bought 2 potions of invisibility for 224 gold pieces
 18470 | Orc:2    | Noticed Donald
 18495 | Orc:2    | Killed Donald
 18666 | Orc:2    | Found Gaxt's Armour Shoppe.
 18666 | Orc:2    | Found Vako Oggodu's Food Boutique.
 18797 | Orc:2    | Found a staircase to the Elven Halls.
 19222 | Orc:2    | Found Rosit's Book Emporium.
 19920 | Orc:2    | Bought a potion of agility for 56 gold pieces
 19920 | Orc:2    | Bought a potion of haste for 140 gold pieces
 19920 | Orc:2    | Bought 2 potions of berserk rage for 140 gold pieces
 19998 | D:11     | Bought 2 potions of might for 128 gold pieces
 19998 | D:11     | Bought a potion of heal wounds for 80 gold pieces
 20000 | D:11     | Bought a scroll of fog for 36 gold pieces
 20140 | Lair:6   | Entered Level 6 of the Lair of Beasts
 20500 | Lair:6   | Noticed SomeFlowers's ghost (journeyman OpTm)
 20841 | Lair:6   | Reached XP level 15. HP: 82/85 MP: 28/28
 21154 | Lair:6   | Reached skill level 20 in Stealth
 21154 | Lair:6   | Reached skill level 10 in Shields
 21489 | D:11     | Bought a potion of heal wounds for 70 gold pieces
 21489 | D:11     | Bought a potion of experience for 700 gold pieces
 22491 | D:11     | Bought a potion of haste for 160 gold pieces
 22496 | D:11     | Bought a +3 ring of evasion for 252 gold pieces
 22754 | D:13     | Found a gate to the Vaults.
 23469 | D:11     | Learned a level 3 spell: Regeneration
 23741 | D:14     | Found a shadowy altar of Dithmenos.
 24745 | Shoals:1 | Entered Level 1 of the Shoals
 24771 | Shoals:1 | Reached skill level 1 in Transmutations
 24929 | Lair:2   | Reached skill level 1 in Necromancy
 24929 | Lair:2   | Reached skill level 1 in Ice Magic
 24929 | Lair:2   | Reached XP level 16. HP: 92/92 MP: 29/29
 25119 | Shoals:1 | Reached XP level 17. HP: 97/97 MP: 30/30
 26175 | Shoals:2 | Reached skill level 10 in Spellcasting
 26539 | Shoals:2 | Reached skill level 1 in Charms
 27002 | Shoals:2 | Found Ecaet's Weapon Shoppe.
 27024 | Shoals:2 | Bought the +7 captain's cutlass {speed, disarm} for 918 gold pieces
 27024 | Shoals:2 | Found the +7 captain's cutlass {speed, disarm}
 27125 | D:11     | Learned a level 4 spell: Summon Ice Beast
 27549 | Shoals:2 | Found Henaurch's Antique Weapon Shoppe.
 28830 | Shoals:3 | Noticed Nikola
 29746 | Shoals:4 | Entered Level 4 of the Shoals
 30098 | Shoals:3 | HP: 3/98 [Nikola/chain lightning (38)]
 30098 | Shoals:3 | Killed from afar by Nikola

Skill      XL: |  1  2  3  4  5  6  7  8  9 10 11 12 13 14 15 16 17 |
---------------+----------------------------------------------------+-----
Short Blades   | 1 2 3 4 5 6 7 8 10 11 12 | 12.6
Stealth        | 1 2 3 4 6 7 10 12 14 16 17 19 20 | 20.9
Spellcasting   | 1 2 3 4 5 6 7 8 9 10 | 10.4
Throwing       | 1 2 3 4 5 6 7 9 |  9.4
Shields        | 4 5 6 7 9 11 | 11.8
Dodging        | 4 5 6 7 8 |  8.3
Fighting       | 4 5 6 7 8 |  8.0
Evocations     | 1 2 3 |  3.5
Transmutations | 1 2 |  2.5
Necromancy     | 1 |  1.3
Ice Magic      | 1 |  1.1
Charms         | 1 |  1.1
Axes           | |  2.0
Hexes          | |  0.9
Earth Magic    | |  0.9

Action                   |  1- 3 |  4- 6 |  7- 9 | 10-12 | 13-15 | 16-18 || total
-------------------------+-------+-------+-------+-------+-------+-------++-------
Melee: Dagger            |    40 |   130 |   184 |   240 |   931 |   135 ||  1660
       Constrict         |    11 |    31 |    45 |    51 |   122 |    45 ||   305
       Tentacles         |     6 |    17 |    24 |    91 |   274 |    82 ||   494
       Rapier            |       |       |       |   115 |    76 |       ||   191
       Kick              |       |       |       |     1 |    49 |    37 ||    87
       Cutlass           |       |       |       |       |       |   159 ||   159
 Fire: Blowgun           |       |       |       |    40 |   175 |    38 ||   253
Throw: Stone             |     5 |       |       |       |       |       ||     5
       Tomahawk          |     5 |     9 |     4 |     8 |    57 |     3 ||    86
       Javelin           |     1 |     2 |    29 |    64 |    46 |     8 ||   150
 Cast: Beastly Appendage |       |       |       |     1 |    12 |    10 ||    23
       Infusion          |       |       |       |     1 |       |       ||     1
       Sticks to Snakes  |       |       |       |       |     2 |     1 ||     3
       Regeneration      |       |       |       |       |     1 |     6 ||     7
Invok: Call Merchant     |       |       |       |     1 |     3 |       ||     4
       Potion Petition   |       |       |       |       |     1 |       ||     1
Evoke: Wand              |       |       |     4 |     4 |    28 |     3 ||    39
       Lightning rod     |       |       |       |       |       |     1 ||     1
  Use: Scroll            |     5 |    10 |    19 |     9 |    12 |     3 ||    58
       Potion            |       |     1 |       |    16 |    25 |       ||    42
 Stab: Sleeping          |     8 |    14 |    40 |    39 |    70 |    14 ||   185
       Distracted        |       |       |     3 |     3 |    11 |     4 ||    21
       Confused          |       |       |       |       |     3 |       ||     3
       Paralysed         |       |       |       |       |     8 |     2 ||    10
       Invisible         |       |       |       |       |     9 |       ||     9
       Petrifying        |       |       |       |       |     1 |     2 ||     3
       Petrified         |       |       |       |       |     1 |       ||     1
  Eat: Chunk             |       |     6 |     1 |       |       |       ||     7
       Ration            |       |       |     5 |     6 |    10 |     6 ||    27
Armor: Skin              |     5 |    17 |    18 |    29 |    51 |    15 ||   135
Dodge: Dodged            |     7 |    39 |    28 |    63 |   173 |   122 ||   432
Block: Shield            |    12 |    31 |    51 |    69 |       |       ||   163
       Large shield      |       |       |       |    95 |   641 |       ||   736
       Buckler           |       |       |       |       |    21 |    90 ||   111
       Reflection        |       |       |       |       |     2 |    17 ||    19
